 Dungeon Crawl Stone Soup version 0.31.0-12-g77e489cdc1 (webtiles) character file.

Game seed: 11132719683660842930

217456 OmG the Impaler (level 18, -7/143 (147) HPs)
             Began as a Demonspawn Fighter on Feb 7, 2024.
             Was a Follower of Uskayaw.
             Shot with a bolt by a naga sharpshooter (23 damage)
             ... on level 4 of the Snake Pit on Mar 2, 2024.
             The game lasted 01:57:24 (33042 turns).

OmG the Impaler (Demonspawn Fighter)               Turns: 33042, Time: 01:57:27

HP:   -7/143 (147)  AC: 37    Str: 32    XL:     18   Next: 38%
MP:   16/30         EV: 16    Int: 13    God:    Uskayaw [*.....]
Gold: 1081          SH:  2    Dex:  9    Spells: 17/17 levels left

rFire   + . .        M - +12 glaive of Prune {freeze, Prune}
rCold   . . .        (shield currently unavailable)
rNeg    . . .        e - +10 plate armour of Qeoroz {rPois Int+3 Dex-4 Slay+3}
rPois   +            k - +0 helmet
rElec   .            r - scarf {+Inv}
rCorr   .            B - +2 pair of gloves {Str+3}
SInv    .            (boots unavailable)
Will    ++...        b - amulet of the acrobat
Stlth   x              - +6 ring of strength
HPRegen 0.43/turn    C - ring of the Octopus King {Wiz HP+2 AC+2 EV+2 SH+2}
MPRegen 0.22/turn

%: acrobat, wizardry (x1)
@: agile, weakened, studying Maces & Flails, lightly drained
A: hooves 3, molten scales 3, ignite blood 2, powered by pain 2, demonic
willpower
}: 1/15 runes: decaying
a: Renounce Religion, Evoke Invisibility, Stomp


You were on level 4 of the Snake Pit.
You worshipped Uskayaw.
Uskayaw was most pleased with you.
You visited 6 branches of the dungeon, and saw 28 of its levels.
You also visited: Bailey, Ice Cave and Volcano.

You collected 4675 gold pieces.
You spent 3594 gold pieces at shops.

Inventory:

Hand Weapons
 s - a +8 bardiche of flaming
 M - the +12 glaive of Prune (weapon) {freeze, Prune}
   (You bought it in a shop on level 4 of the Snake Pit)

   Prune:     It halves damage taken while paralysed, petrified or unconscious.
Missiles
 o - 3 throwing nets (quivered)
Armour
 e - the +10 plate armour of Qeoroz (worn) {rPois Int+3 Dex-4 Slay+3}
   (You bought it in a shop on level 2 of the Dungeon)

   Int+3:     It affects your intelligence (+3).
   Dex-4:     It affects your dexterity (-4).
   Slay+3:    It affects your accuracy & damage with ranged weapons and melee
   (+3).
   rPois:     It protects you from poison
 k - a +0 helmet (worn)
 r - a scarf of invisibility (worn)
 A - a +2 buckler
 B - a +2 pair of gloves of strength (worn)
Jewellery
 a - a ring of willpower
 b - an amulet of the acrobat (around neck)
 i - a ring of poison resistance
 l - a ring of positive energy
 m - a ring of positive energy
 v - a +6 ring of dexterity
 x - a +6 ring of strength (left hand)
 y - a ring of protection from fire
 C - a ring of the Octopus King (right hand) {Wiz HP+2 AC+2 EV+2 SH+2}
   (You found it in a bailey)

   [ring of wizardry]

   Wiz:       It improves your spell success rate.
   AC+2:      It affects your AC (+2).
   EV+2:      It affects your evasion (+2).
   HP+2:      It affects your health (+2).
   SH+2:      It affects your SH (+2).
 G - a ring of protection from fire
 H - a ring of protection from cold
 L - a ring of flight
 O - a ring of protection from cold
 Q - a +6 ring of strength
 X - a +6 ring of strength
 Z - an amulet of regeneration
Wands
 w - a wand of polymorph (14)
 z - a wand of light (10)
 I - a wand of iceblast (29)
 K - a wand of mindburst (14)
 P - a wand of digging (20)
 S - a wand of flame (44)
 V - a wand of paralysis (25)
Scrolls
 d - 8 scrolls of teleportation
 n - 10 scrolls of fog
 p - a scroll of revelation
 D - 7 scrolls of amnesia
 E - a scroll of torment
 R - a scroll of enchant armour
 T - 2 scrolls of identify
 W - 2 scrolls of butterflies
 Y - a scroll of blinking
Potions
 c - 4 potions of enlightenment
 f - 9 potions of mutation
 g - 4 potions of magic
 j - 7 potions of heal wounds
 q - 11 potions of curing
 t - 4 potions of haste
 u - 5 potions of resistance
 F - 4 potions of ambrosia
 J - 4 potions of cancellation
 N - 3 potions of might
Miscellaneous
 h - a lightning rod (1/4)
 U - a phial of floods


   Skills:
 - Level 13.7 Fighting
 * Level 17.8 Polearms
 + Level 13.2 Armour
 + Level 3.9 Dodging
 - Level 2.6 Shields
 + Level 16.4 Invocations
 + Level 16.4 Evocations


You had 17 spell levels left.
You didn't know any spells.
Your spell library contained the following spells:

 Spells                   Type           Power      Damage    Failure   Level
 Foxfire                  Conj/Fire      0%         2x1d4     52%         1
 Sandblast                Erth           0%         2d4       52%         1
 Shock                    Conj/Air       0%         1d3       52%         1
 Blink                    Tloc           0%         N/A       65%         2
 Lesser Beckoning         Tloc           0%         N/A       65%         2
 Momentum Strike          Conj/Tloc      0%         3d8       65%         2
 Frozen Ramparts          Ice            0%         1d1       86%         3
 Inner Flame              Hex/Fire       0%         N/A       86%         3
 Passwall                 Erth           0%         N/A       86%         3
 Stone Arrow              Conj/Erth      0%         3d7       86%         3
 Swiftness                Air            0%         N/A       86%         3
 Tukima's Dance           Hex            0%         N/A       86%         3
 Airstrike                Air            0%         2d(0-16)  99%         4
 Anguish                  Hex/Necr       0%         N/A       99%         4
 Animate Armour           Summ/Erth      0%         N/A       99%         4
 Brom's Barrelling Bould  Conj/Erth      0%         2d3       99%         4
 Cause Fear               Hex            0%         N/A       99%         4
 Flame Wave               Conj/Fire      0%         2d4       99%         4
 Leda's Liquefaction      Alch/Erth      0%         N/A       99%         4
 Passage of Golubria      Tloc           0%         N/A       99%         4
 Petrify                  Alch/Erth      0%         N/A       99%         4
 Sticky Flame             Fire/Alch      0%         2d4       99%         4
 Summon Lightning Spire   Summ/Air       0%         N/A       99%         4
 Iskenderun's Battlesphe  Conj           0%         2d6       100%        5
 Lee's Rapid Deconstruct  Erth           0%         3d4*      100%        5
 Metabolic Englaciation   Hex/Ice        0%         N/A       100%        5
 Yara's Violent Unravell  Hex/Alch       0%         3d3       100%        5
 Enfeeble                 Hex            0%         N/A       100%        7
 Haunt                    Necr/Summ      0%         N/A       100%        7
 Borgnjor's Revivificati  Necr           0%         N/A       100%        8
 Death's Door             Necr           0%         N/A       100%        9


Dungeon Overview and Level Annotations

Branches:
Dungeon (11/15)            Temple (0/1) D:6            Lair (5/5) D:11
  Swamp (4/4) Lair:3        Snake (4/4) Lair:2        Slime (0/5) Lair:4
    Orc (2/2) D:10            Elf (2/3) Orc:2        Bailey (visited)
  IceCv (visited)         Volcano (visited)

Altars:
Cheibriados
Dithmenos
Fedhas
Hepliaklqana
Okawaru
Qazlal
Uskayaw
Vehumet
Wu Jian
Xom
Yredelemnul
Jiyva

Shops:
D:2 [   Orc:1 :   Orc:2 !!(   Elf:1 !   Elf:2 (   Snake:1 *   Snake:2 ?
Snake:3 [*=   Snake:4 (

Portals:
Bazaar: D:11
Trove: Elf:2 (give +5 demon whip)

Annotations:
Lair:3 3 runed translucent doors, Ruicvywi's ghost, journeyman OnSh
Abyss:1 Louise


Innate Abilities, Weirdness & Mutations

You have hooves in place of feet.
You are completely covered in molten scales. (AC +4, rF+)
Your demonic aura often causes spilled blood to erupt in flames.
You sometimes gain power by taking damage.
You punish those that try to bend your will. (Will+)


Message History

The bolt completely misses you.
The naga sharpshooter mumbles some strange words.
The naga sharpshooter magically shoots a bolt.
The bolt barely misses you.
Aiming: Grand Finale
Press: ? - help, Shift-Dir - straight line, f - naga warrior
Aim: a naga warrior, wielding a +0 flail and wearing a +0 robe (severely wounded, strong)
The naga warrior explodes violently!!
The naga sharpshooter is hit by a flying piece of the naga warrior!
The salamander mystic is hit by a flying piece of the naga warrior!
Something is hit by a flying piece of the naga warrior! x2
You blow up the naga warrior!
A naga comes into view. It is wielding a +0 long sword.
You can no longer merge with and destroy a victim.
The naga shouts!
The naga warrior spits poison at you. The splash of poison hits you!
You are poisoned.
You resist.
* * * LOW HITPOINT WARNING * * *
The nagaraja casts a spell at you.
The bolt of poison hits the naga warrior!
The naga warrior dies!
The bolt of poison misses you.
A naga mage comes into view.
It is wielding a +1 flail of protection.
The salamander mystic points at the naga sharpshooter and mumbles some strange words.
The naga sharpshooter seems to speed up.
The naga mage casts a spell at the naga.
The naga's venom grows more potent.
The naga sharpshooter spits poison at you.
The splash of poison hits you but does no damage.
You are more poisoned.
You resist.
You feel better.
The naga mage mumbles some strange words.
The naga mage seems to speed up.
The naga sharpshooter casts a spell.
The naga sharpshooter magically shoots a bolt.
The bolt hits you!!
You die...

#####.###### #.#... #...####
#..... #...<..# #.....
#......#####.....
#................
#......#####..... #........#
#.....
...##########...#.##.###.....
.....÷NN○NN§@))†..[..........
...##)○###N#).#†..<..........
#[). #N§N############.....
...)..$§)NN..# #.....
.......(NNNN§..NN.# #.....
.#.....N...N...#NN. #.....
..N.........#..# .. #.....
.#.............# #.....
..#N.......## #.....


You could see 2 nagarajas, 2 naga sharpshooters, a salamander tyrant (strong), a
salamander mystic (strong), 4 naga magi and a naga (strong, curare).

Vanquished Creatures
  Zenata (Elf:2)
  2 sphinxes (Elf:1)
  Frances (Snake:2)
  Roxanne (Elf:1)
  Aizul (Swamp:2)
  2 thorn hunters (Swamp:4)
  2 fenstrider witches (Swamp:4)
  2 nagarajas (Snake:4)
  2 ghouls (Swamp:4)
  An orc warlord (Bailey)
  A hydra skeleton (Swamp:4)
  A deep elf demonologist (Elf:2)
  5 eleionomae
  4 bunyips
  A white draconian (IceCv)
  2 shambling mangroves (Swamp:4)
  A fire dragon (Elf:1)
  Fannar (Orc:1)
  13 hydras
  2 salamander tyrants (Snake:4)
  5 ogre magi
  7 alligators
  3 ghost crabs
  A centaur warrior (Volcano)
  6 anacondas
  6 two-headed ogres
  6 naga warriors
  A boulder beetle (Lair:2)
  4 death yaks (Lair:3)
  30 dancing weapons
  A hell knight (Volcano)
  13 naga sharpshooters
  Nergalle (Orc:1)
  9 shock serpents
  16 deep elf knights
  A skyshark (Lair:5)
  6 goliath frogs
  3 spriggan druids
  A salamander mystic (Snake:3)
  4 mana vipers
  A sea snake (Lair:5)
  3 naga ritualists
  A bog body (Swamp:1)
  8 deep elf archers
  5 swamp dragons (Swamp:4)
  19 deep elf zephyrmancers
  4 spectral hydras (Swamp:4)
  A phantasmal warrior (Swamp:4)
  3 harpies (Elf:1)
  7 orc knights
  21 deep elf pyromancers
  3 oklob plants (Swamp:4)
  An orc sorcerer (Orc:1)
  A cyclops (D:11)
  5 manticores (Elf:1)
  Maurice (Orc:1)
  A faun (shapeshifter) (Elf:2)
  2 will-o-the-wisps
  3 kobold blastminers
  6 salamanders
  13 elephants
  7 naga magi
  An ice statue (IceCv)
  A molten gargoyle (Volcano)
  A torpor snail (Lair:5)
  28 black mambas
  11 cane toads
  8 rime drakes
  Maggie (D:10)
  2 hydra zombies (Swamp:4)
  13 komodo dragons
  2 yaktaurs (Volcano)
  A polar bear (Lair:5)
  A troll (D:11)
  A bloated husk (Swamp:3)
  8 tyrant leeches
  Prince Ribbit (D:7)
  10 dream sheep (Lair:5)
  9 blink frogs (Lair:5)
  6 hornets
  4 spriggans
  2 shadows (D:11)
  3 air elementals
  Eustachio (D:4)
  A wraith (D:11)
  Sigmund (D:4)
  4 fire bats (Volcano)
  32 yaks
  A basilisk (Lair:3)
  2 fire elementals
  3 wyverns
  3 steam dragons
  8 wargs
  4 vampire mosquitoes
  26 nagas
  16 swamp worms
  An acid dragon (D:9)
  Duvessa (D:7)
  A hydra simulacrum (Swamp:4)
  13 water moccasins
  3 hell hounds
  3 swamp drakes (Swamp:4)
  2 black bears
  37 orc warriors
  2 ice beasts
  A sky beast (D:7)
  7 centaurs
  9 ogres
  3 swamp dragon zombies (Swamp:4)
  A swamp dragon skeleton (Swamp:4)
  3 phantoms
  15 bullfrogs
  A kobold brigand (D:7)
  2 gnoll sergeants (D:10)
  An earth elemental (Elf:1)
  2 scorpions
  10 wights
  A lindwurm simulacrum (IceCv)
  Dowan (D:7)
  6 killer bees (D:8)
  2 howler monkeys
  5 lava snakes (Volcano)
  5 komodo dragon simulacra (IceCv)
  6 jellies
  11 orc priests
  5 hounds
  2 iguanas
  3 gnoll boudas
  A sleepcap (D:6)
  15 orc wizards
  8 hell rats
  Robin (D:4)
  6 acid dragon simulacra (IceCv)
  29 gnolls
  2 swamp drake zombies (Swamp:4)
  10 adders
  2 white imps
  7 steam dragon simulacra (IceCv)
  2 ufetubi (D:7)
  3 ribbon worms
  83 orcs
  12 endoplasms
  2 giant cockroaches (D:4)
  40 goblins
  15 hobgoblins
  15 kobolds
  6 quokkas
  2 ball pythons
  4 bats (D:1)
  4 frilled lizards
  6 rats
942 creatures vanquished.

Vanquished Creatures (others)
  A merfolk avatar (Lair:5)
  A naga warrior (Snake:4)
  2 bloated husks
  2 goblins (D:4)
  7 foxfires
13 creatures vanquished.

Grand Total: 955 creatures vanquished

Notes
Turn   | Place    | Note
-------+----------+-------------------------------------------
     0 | D:1      | OmG the Demonspawn Fighter began the quest for the Orb.
     0 | D:1      | Reached XP level 1. HP: 18/18 MP: 1/1
   107 | D:1      | Reached skill level 2 in Polearms
   211 | D:1      | Gained mutation: Your demonic aura sometimes causes spilled
                  | blood to erupt in flames. [demonic ancestry]
   211 | D:1      | Reached XP level 2. HP: 24/24 MP: 2/2
  1094 | D:2      | Gained mutation: You have large cloven feet. [demonic
                  | ancestry]
  1094 | D:2      | Reached XP level 3. HP: 27/29 MP: 3/3
  1606 | D:2      | Found Joocet's Armour Emporium.
  1787 | D:3      | Reached skill level 3 in Polearms
  1902 | D:3      | Reached XP level 4. HP: 35/35 MP: 4/4
  2143 | D:3      | Gained mutation: Your demonic aura often causes spilled
                  | blood to erupt in flames. [demonic ancestry]
  2143 | D:3      | Reached XP level 5. HP: 33/42 MP: 5/5
  2343 | D:3      | Found a hazy altar of Hepliaklqana.
  2502 | D:4      | Found a shimmering altar of Xom.
  2620 | D:4      | Noticed Eustachio
  2632 | D:4      | Killed Eustachio
  2633 | D:4      | Reached skill level 4 in Polearms
  2633 | D:4      | Gained mutation: You have hoof-like feet. [demonic
                  | ancestry]
  2633 | D:4      | Reached XP level 6. HP: 32/48 MP: 6/6
  3082 | D:4      | Noticed a water moccasin
  3085 | D:4      | Noticed Robin
  3085 | D:4      | Noticed an ice beast
  3086 | D:4      | Killed a water moccasin
  3092 | D:4      | Reached skill level 1 in Evocations
  3104 | D:4      | Killed an ice beast
  3105 | D:4      | Reached skill level 5 in Polearms
  3105 | D:4      | Reached XP level 7. HP: 33/55 MP: 7/7
  3114 | D:4      | Killed Robin
  3573 | D:4      | Noticed Sigmund
  3633 | D:4      | Killed Sigmund
  3634 | D:4      | Reached skill level 5 in Fighting
  3808 | D:5      | Entered Level 5 of the Dungeon
  3835 | D:5      | Found a shadowy altar of Dithmenos.
  3892 | D:5      | Reached skill level 6 in Polearms
  3892 | D:5      | Gained mutation: You are partially covered in molten
                  | scales. (AC +2) [demonic ancestry]
  3892 | D:5      | Reached XP level 8. HP: 57/62 MP: 8/8
  4631 | D:5      | Reached skill level 5 in Armour
  5243 | D:6      | Found a hide-covered altar of Uskayaw.
  5243 | D:6      | Noticed a +0 dagger
  5243 | D:6      | Noticed a +0 dagger
  5256 | D:6      | Became a worshipper of Uskayaw the Reveller
  5289 | D:6      | Got the Commentary on Bombardment
  5318 | D:6      | Found a snail-covered altar of Cheibriados.
  5472 | D:6      | Reached * piety under Uskayaw
  5481 | D:6      | Reached ** piety under Uskayaw
  5575 | D:6      | Reached skill level 1 in Invocations
  5577 | D:6      | Reached *** piety under Uskayaw
  5677 | D:6      | Found a staircase to the Ecumenical Temple.
  6101 | D:7      | Reached skill level 7 in Polearms
  6101 | D:7      | Gained mutation: You are mostly covered in molten scales.
                  | (AC +3) [demonic ancestry]
  6101 | D:7      | Reached XP level 9. HP: 59/69 MP: 10/10
  6115 | D:7      | Reached **** piety under Uskayaw
  6232 | D:7      | Reached skill level 5 in Evocations
  6564 | D:7      | Noticed Duvessa
  6565 | D:7      | Noticed Dowan
  6575 | D:7      | Killed Duvessa
  6589 | D:7      | Killed Dowan
  6655 | D:7      | Noticed Prince Ribbit
  6670 | D:7      | Killed Prince Ribbit
  7396 | D:8      | Found a flagged portal.
  7410 | Bailey   | Entered a bailey
  7482 | Bailey   | Reached skill level 8 in Polearms
  7667 | Bailey   | Gained mutation: You sometimes gain a little power by
                  | taking damage. [demonic ancestry]
  7667 | Bailey   | Reached XP level 10. HP: 58/77 MP: 13/13
  7774 | Bailey   | Noticed an orc warlord
  7789 | Bailey   | Killed an orc warlord
  7790 | Bailey   | Reached skill level 5 in Invocations
  7808 | Bailey   | Found the ring of the Octopus King
  7825 | Bailey   | Identified a ring of the Octopus King {Wiz HP+2 AC+2 EV+2
                  | SH+2}
  7921 | D:8      | Found an iron altar of Okawaru.
  8315 | D:8      | Acquired a +1 pair of gloves of strength
  8428 | D:8      | Found a stormy altar of Qazlal.
  9199 | D:9      | Found a blossoming altar of Fedhas.
  9333 | D:9      | Noticed a two-headed ogre
  9342 | D:9      | Killed a two-headed ogre
  9343 | D:9      | Reached skill level 9 in Polearms
  9938 | D:10     | Entered Level 10 of the Dungeon
 10121 | D:10     | Noticed Maggie
 10128 | D:10     | Killed Maggie
 10268 | D:10     | Found a staircase to the Orcish Mines.
 10349 | D:10     | Reached XP level 11. HP: 80/82 MP: 15/15
 10602 | D:10     | Noticed a two-headed ogre
 10610 | D:10     | Banished a two-headed ogre
 11033 | D:11     | Found a gateway to a bazaar.
 11427 | D:11     | Noticed a two-headed ogre
 11434 | D:11     | Killed a two-headed ogre
 11663 | D:11     | Found a staircase to the Lair.
 11676 | D:11     | Reached skill level 10 in Polearms
 11867 | Lair:1   | Entered Level 1 of the Lair of Beasts
 12639 | Lair:2   | Noticed a boulder beetle
 12677 | Lair:2   | Killed a boulder beetle
 12832 | Lair:2   | Noticed an oklob plant
 13040 | Lair:2   | Reached XP level 12. HP: 90/94 MP: 18/18
 13044 | Lair:2   | Reached ***** piety under Uskayaw
 13174 | Lair:2   | Reached skill level 10 in Evocations
 13268 | Lair:2   | Found a staircase to the Snake Pit.
 13822 | Lair:3   | Noticed a death yak
 13825 | Lair:3   | Noticed a death yak
 13826 | Lair:3   | Noticed a death yak
 13831 | Lair:3   | Killed a death yak
 13832 | Lair:3   | Noticed a death yak
 13837 | Lair:3   | Killed a death yak
 13838 | Lair:3   | Reached skill level 11 in Polearms
 13845 | Lair:3   | Reached ****** piety under Uskayaw
 13847 | Lair:3   | Killed a death yak
 13849 | Lair:3   | Killed a death yak
 13853 | Lair:3   | Found a staircase to the Swamp.
 14272 | Lair:3   | Found a runed translucent gate.
 14273 | Lair:3   | Found a runed translucent gate.
 14273 | Lair:3   | Found a runed translucent gate.
 14276 | Lair:3   | Noticed Ruicvywi's ghost (journeyman OnSh)
 14599 | Lair:4   | Found a frozen archway.
 14629 | IceCv    | Entered an ice cave
 14844 | IceCv    | Identified the +4 scimitar of Doudwyt {heavy, Will+}
 14935 | IceCv    | Noticed a white draconian
 14941 | IceCv    | Reached XP level 13. HP: 92/101 MP: 20/20
 14958 | IceCv    | Killed a white draconian
 15349 | Lair:4   | Found a hide-covered altar of Uskayaw.
 15350 | Lair:4   | Found an ornate altar of the Wu Jian Council.
 15420 | Lair:4   | Found a staircase to the Slime Pits.
 15420 | Lair:4   | Found a viscous altar of Jiyva.
 15493 | Lair:4   | Reached skill level 10 in Invocations
 15497 | Lair:4   | Reached skill level 12 in Polearms
 15721 | Lair:4   | Reached skill level 10 in Fighting
 16214 | Lair:5   | Entered Level 5 of the Lair of Beasts
 16327 | Lair:5   | Found a dark tunnel.
 16342 | Volcano  | Entered a volcano
 16498 | Volcano  | Found a radiant altar of Vehumet.
 16686 | Volcano  | Identified the +1 chain mail of Hairiness {rPois rC- rN+}
 16945 | Lair:5   | Gained mutation: You are completely covered in molten
                  | scales. (AC +4, rF+) [demonic ancestry]
 16945 | Lair:5   | Reached XP level 14. HP: 75/111 MP: 22/22
 17361 | Lair:5   | Reached skill level 13 in Polearms
 17606 | Lair:5   | Found the +7 captain's cutlass {speed, disarm}
 17818 | Lair:5   | Acquired 1340 gold pieces
 18195 | D:2      | Bought the +10 plate armour of Qeoroz {rPois Int+3 Dex-4
                  | Slay+3} for 947 gold pieces
 18399 | Orc:1    | Entered Level 1 of the Orcish Mines
 18399 | Orc:1    | Found Kubi's Book Boutique.
 18517 | Orc:1    | Noticed Fannar
 18535 | Orc:1    | Killed Fannar
 18629 | Orc:1    | Reached skill level 10 in Armour
 18800 | Orc:2    | Entered Level 2 of the Orcish Mines
 18828 | Orc:2    | Found a staircase to the Elven Halls.
 19041 | Orc:2    | Found Kagy's Weapon Boutique.
 19053 | Orc:2    | Paralysed by an ogre mage for 3 turns
 19293 | Orc:2    | Found Zinis's Distillery.
 19384 | Orc:2    | Bought a potion of curing for 39 gold pieces
 19384 | Orc:2    | Bought a potion of heal wounds for 65 gold pieces
 19384 | Orc:2    | Bought a potion of curing for 39 gold pieces
 19846 | Orc:2    | Found Janikhluu's Distillery.
 19854 | Orc:2    | Bought a potion of heal wounds for 75 gold pieces
 19854 | Orc:2    | Bought a potion of resistance for 150 gold pieces
 19918 | Orc:1    | Noticed Nergalle
 19930 | Orc:1    | Killed Nergalle
 19997 | Orc:1    | Noticed Maurice
 20013 | Orc:1    | Killed Maurice
 20348 | Swamp:1  | Entered Level 1 of the Swamp
 20445 | Swamp:1  | Gained mutation: You sometimes gain power by taking damage.
                  | [demonic ancestry]
 20445 | Swamp:1  | Reached XP level 15. HP: 110/119 MP: 24/24
 20761 | Swamp:1  | Reached skill level 14 in Polearms
 21258 | Swamp:2  | Identified the serpent talisman of Classification {Dex+2
                  | SInv}
 21258 | Swamp:2  | Noticed Aizul
 21271 | Swamp:2  | Killed Aizul
 22883 | Swamp:4  | Entered Level 4 of the Swamp
 22883 | Swamp:4  | Noticed a fenstrider witch
 22890 | Swamp:4  | Killed a fenstrider witch
 23174 | Swamp:4  | Noticed a fenstrider witch
 23176 | Swamp:4  | Paralysed by a fenstrider witch for 4 turns
 23182 | Swamp:4  | Killed a fenstrider witch
 23439 | Swamp:4  | Noticed a thorn hunter
 23444 | Swamp:4  | Reached skill level 15 in Polearms
 23449 | Swamp:4  | Killed a thorn hunter
 23490 | Swamp:4  | Gained mutation: You have hooves in place of feet. [demonic
                  | ancestry]
 23490 | Swamp:4  | Reached XP level 16. HP: 70/128 MP: 13/26
 23530 | Swamp:4  | Found a blossoming altar of Fedhas.
 23530 | Swamp:4  | Noticed a thorn hunter
 24213 | Swamp:4  | Found a basalt altar of Yredelemnul.
 24225 | Swamp:4  | Got a decaying rune of Zot
 24385 | Swamp:4  | Killed a thorn hunter
 25031 | Elf:1    | Entered Level 1 of the Elven Halls
 25038 | Elf:1    | Reached skill level 15 in Evocations
 25251 | Elf:1    | Paralysed by an air elemental for 1 turns
 25322 | Elf:1    | Paralysed by an air elemental for 1 turns
 25401 | Elf:1    | Noticed Louise
 25409 | Elf:1    | Banished Louise
 25915 | Elf:1    | Found Buhuti Zuda's Distillery.
 26190 | Elf:1    | Bought a potion of cancellation for 120 gold pieces
 26190 | Elf:1    | Bought a potion of cancellation for 120 gold pieces
 26190 | Elf:1    | Bought a potion of heal wounds for 75 gold pieces
 26190 | Elf:1    | Bought a potion of might for 60 gold pieces
 26202 | Elf:1    | Noticed a sphinx
 26215 | Elf:1    | Paralysed by a sphinx for 2 turns
 26218 | Elf:1    | Killed a sphinx
 26219 | Elf:1    | Reached skill level 16 in Polearms
 26275 | Elf:1    | Noticed Roxanne
 26299 | Elf:1    | Killed Roxanne
 26312 | Elf:1    | Noticed a sphinx
 26319 | Elf:1    | Killed a sphinx
 26440 | Elf:1    | Found a radiant altar of Vehumet.
 26862 | Elf:1    | Gained mutation: You punish those that try to bend your
                  | will. (Will+) [demonic ancestry]
 26862 | Elf:1    | Reached XP level 17. HP: 137/137 MP: 28/28
 27222 | Elf:2    | Noticed Zenata
 27574 | Elf:2    | Reached skill level 15 in Invocations
 27594 | Elf:2    | Identified the +6 rapier of Herel {freeze, rF+}
 27825 | Elf:2    | Killed Zenata
 27911 | Elf:2    | Found a portal to a secret trove of treasure.
 27948 | Elf:2    | Found Athremiro's Weapon Shoppe.
 28241 | Elf:2    | Found a runed translucent gate.
 28242 | Elf:2    | Found a runed translucent gate.
 28242 | Elf:2    | Found a runed translucent gate.
 29087 | Elf:2    | Upgraded the game from 0.31.0-11-ge490571c62 to
                  | 0.31.0-12-g77e489cdc1
 29325 | Snake:1  | Entered Level 1 of the Snake Pit
 29402 | Snake:1  | Found Lietatwi's Gadget Gallery.
 29412 | Snake:1  | Bought a wand of iceblast (2) for 67 gold pieces
 29412 | Snake:1  | Bought a wand of iceblast (8) for 268 gold pieces
 29452 | Snake:1  | Reached skill level 17 in Polearms
 29745 | Snake:1  | Reached skill level 1 in Dodging
 30285 | Snake:2  | Found Ohuigiq's Magic Scroll Boutique.
 30291 | Snake:2  | Identified the blade talisman of the Game of Kings {rF+
                  | Str+5 SInv Stlth-}
 30307 | Snake:2  | Bought a scroll of enchant weapon for 112 gold pieces
 30327 | Snake:2  | Identified the +8 war axe "Omoq" {flame, rN+}
 30350 | Snake:2  | Noticed Frances
 30364 | Snake:2  | Killed Frances
 31355 | Snake:3  | Reached XP level 18. HP: 110/145 MP: 28/30
 31740 | Snake:3  | Found Geepabru's Jewellery Emporium.
 31759 | Snake:3  | Found Betowoho's Assorted Antiques.
 31761 | Snake:3  | Found Zusui's Antique Armour Emporium.
 31857 | Snake:3  | Bought a scroll of enchant weapon for 277 gold pieces
 32070 | Snake:4  | Entered Level 4 of the Snake Pit
 32080 | Snake:4  | Found Dyss's Weapon Boutique.
 32181 | Snake:4  | Bought the +12 glaive of Prune {freeze, Prune} for 1180
                  | gold pieces
 32181 | Snake:4  | Found the +12 glaive of Prune {freeze, Prune}
 33042 | Snake:4  | Shot with a bolt by a naga sharpshooter

Illustrated notes

Levels and vault maps discovered:
D:1:      dpeg_chamrin_arrival_tetris, layout_loops_corners, nrook_mini_vaults,
          st_stairs_9, minmay_misc_feat_alley, minmay_misc_feat_cross
D:2:      layout_loops_ring, serial_shops, nicolae_lakefront_shop
D:3:      layout_rooms, nicolae_hepliaklqana_hazy_memory,
          kennysheep_generic_room_6
D:4:      corexii_shantytown, layout_loops_cross, mainiacjoe_overflow_boulevard,
          supply_closet_lemuel, uniq_robin, uniq_eustachio, uniq_sigmund
D:5:      layout_layer_cave, grunt_dithmenos_shadows,
          chequers_serial_rivers_large_a
D:6:      layout_loops_ring, chei_slow_surprise, lemuel_crystal_altar,
          dancing_weapons_uskayaw, minmay_temple_entry_arrows
D:7:      layout_loops_ring, uniq_duvessa, uniq_prince_ribbit1,
          uniq_crazy_yiuf_cottage
D:8:      layout_loops_cross, mainiacjoe_overflow_alcove_1,
          overflow_temple_1_default, elyvilon_altar_4, enter_bailey_3
D:9:      layout_grid_maze, lemuel_round_altar
D:10:     layout_grid_maze, david_orc_3, uniq_maggie
D:11:     layout_stronghold, erik_lair_dragon, serial_shops, bzr_entry_gold
Lair:1:   layout_cellular_growth
Lair:2:   layout_gridlike, minmay_snake_entry_guardpost_small, minivault_26
Lair:3:   layout_roguey, minmay_swamp_entry_swarm, gammafunk_ghost_necromancy,
          serial_bayou_lagoon_a
Lair:4:   cheibrodos_lair_river_kwai, layout_regular_city,
          nicolae_slime_entry_field_trip, portal_ice_cave_entry_pillars_1,
          nzn_masters_of_martial_movement
Lair:5:   gammafunk_lair_ancient_temple, layout_regular_city, enter_volcano_3
Swamp:1:  layout_basic_swamp, nicolae_swamp_decorative_isthmus
Swamp:2:  layout_basic_swamp, infiniplex_staircase_pool_2, uniq_aizul
Swamp:3:  layout_basic_swamp, evilmike_swamp_ruin_house_4, swamp_pool_1_2
Swamp:4:  byrel_swamp_growth_death_and_undeath, layout_basic_swamp,
          nicolae_swamp_triple_paths, infiniplex_staircase_pool
Snake:1:  layout_rooms, nicolae_shop_gadgets
Snake:2:  layout_rooms, serial_shops, shop, st_stairs_12, uniq_frances
Snake:3:  layout_grid_shapes, minmay_shop_star
Snake:4:  snake_pit, layout_rooms, serial_shops,
          nicolae_shop_bloodbath_and_beyond
Orc:1:    layout_diamond_mine, serial_shops, nicolae_shop_hallway_plus,
          uniq_nergalle, uniq_maurice, uniq_fannar
Orc:2:    st_orc_town, layout_diamond_mine
Elf:1:    elf_arrival_001, layout_loops_ring, special_room
          [special_room_mythical_zoo], serial_shops,
          nicolae_shop_tiny_statue_garden, hangedman_elven_crosses_minicolossus,
          lemuel_statue_altar, uniq_roxanne, uniq_louise
Elf:2:    nicolae_elf_blades_crystal_corner, layout_rooms, serial_shops,
          nicolae_shop_back_alley_shop, enter_trove_0, uniq_zenata

Skill      XL: |  1  2  3  4  5  6  7  8  9 10 11 12 13 14 15 16 17 18 |
---------------+-------------------------------------------------------+-----
Polearms       | 2 3 4 5 6 7 8 9 10 11 12 13 15 16 17 | 17.8
Armour         | 3 4 5 6 7 8 9 10 11 12 13 | 13.2
Fighting       | 4 5 6 7 8 9 10 11 12 13 | 13.7
Evocations     | 1 2 4 6 8 9 11 12 13 14 15 16 | 16.4
Invocations    | 2 4 6 8 9 11 12 13 14 16 | 16.4
Dodging        | 2 3 |  3.9
Shields        | |  2.6

Action                     |  1- 3 |  4- 6 |  7- 9 | 10-12 | 13-15 | 16-18 || total
---------------------------+-------+-------+-------+-------+-------+-------++-------
  Melee: Trident           |   113 |   147 |   259 |       |       |       ||   519
         Punch             |     1 |     1 |     4 |     8 |     9 |     6 ||    29
         Kick              |    10 |    28 |   111 |   152 |   231 |   180 ||   712
         Spear             |       |       |   169 |   583 |  1022 |   761 ||  2535
         Glaive            |       |       |       |       |       |    60 ||    60
         Bardiche          |       |       |       |       |       |     3 ||     3
  Throw: Throwing net      |       |     2 |       |       |       |       ||     2
 Invoke: Stomp             |       |       |       |     2 |     4 |     1 ||     7
         Grand Finale      |       |       |       |       |     2 |     8 ||    10
         Line Pass         |       |       |       |       |     1 |     1 ||     2
Ability: Evoke Invisibilit |       |       |       |     3 |     2 |     4 ||     9
  Evoke: Wand              |       |       |       |     2 |     6 |    16 ||    24
         Phial of floods   |       |       |       |     1 |     5 |     4 ||    10
         Lightning rod     |       |       |       |       |     4 |    16 ||    20
    Use: Scroll            |       |     5 |     9 |     6 |    10 |    17 ||    47
         Potion            |       |     2 |     2 |     3 |     5 |     8 ||    20
   Stab: Paralysed         |       |       |    19 |    37 |    89 |    87 ||   232
         Invisible         |       |       |       |    10 |    20 |     4 ||    34
 Armour: Scale mail        |    73 |    38 |       |       |       |       ||   111
         Plate armour      |       |    70 |   234 |   153 |   343 |   444 ||  1244
  Dodge: Dodged            |    27 |    48 |    87 |   134 |   190 |   233 ||   719
  Block: Buckler           |     1 |       |       |       |       |       ||     1
         Other             |       |       |       |     7 |     7 |     8 ||    22
